[Event "Early-Titled-Tuesday-Blitz-April-02-2024"]
[Site "Chess.com"]
[Date "2024.04.02"]
[Round "7"]
[White "NigiriSushies"]
[Black "Let_it_be_1"]
[Result "0-1"]
[WhiteElo "2330"]
[BlackElo "2559"]
[TimeControl "180+1"]
[EndTime "9:17:09 PDT"]
[Termination "Let_it_be_1 won on time"]

1. Nf3 d5 2. d4 e6 3. g3 Nf6 4. c4 Be7 5. Bg2 O-O 6. O-O dxc4 7. Nc3 a6 8. Ne5 Nbd7 9. Nxc4 c5 10. d5 exd5 11. Nxd5 Nxd5 12. Qxd5 Nf6 13. Qxd8 Rxd8 14. Nb6 Ra7 15. Bf4 Nd7 16. Nxc8 Rxc8 17. Bh3 Rd8 18. Bc7 Rc8 19. Ba5 b6 20. Rfd1 bxa5 21. Bxd7 Rcc7 22. Bf5 c4 23. Rac1 g6 24. Be4 Bf6 25. Bd5 Bxb2 26. Rxc4 Rd7 27. e4 Kg7 28. Rb1 Ba3 29. Rb3 Be7 30.
Kg2 Rac7 31. Rbc3 Rxc4 32. Rxc4 Ra7 33. Rc6 a4 34. Rc4 a3 35. Ra4 a5 36. h4 Bb4 37.
Kf3 Rc7 38. Kg4 h5+ 39. Kh3 f6 0-1

[Event "Early-Titled-Tuesday-Blitz-April-02-2024"]
[Site "Chess.com"]
[Date "2024.04.02"]
[Round "7"]
[White "PawnEatingZombie"]
[Black "tarno17"]
[Result "1-0"]
[WhiteElo "2192"]
[BlackElo "2140"]
[TimeControl "180+1"]
[EndTime "9:17:09 PDT"]
[Termination "PawnEatingZombie won by checkmate"]

1. e4 c5 2. c3 d5 3. exd5 Qxd5 4. d4 e6 5. Nf3 Nf6 6. Be3 cxd4 7. cxd4 Be7 8. Nc3 Qd6 9. Bd3 O-O 10. O-O Nc6 11. a3 a6 12. Qe2 b5 13. Rfd1 Bb7 14.
Rac1 Rac8 15. Bb1 Rfd8 16. Bg5 b4 17. axb4 Nxb4 18. Ne5 Nbd5 19. Nxd5 Qxd5 20. f3 Rxc1 21. Bxc1 Bc5 22. Be3 Bd6 23. Nc4 Bb8 24. Bf2 Qh5 25.
h3 Qg5 26. Ne5 h6 27. h4 Qh5 28. g4 Nxg4 29. fxg4 Qxe5 30. dxe5 Rxd1+ 31. Qxd1 Bxe5 32. Qd8# 1-0

[Event "Early-Titled-Tuesday-Blitz-April-02-2024"]
[Site "Chess.com"]
[Date "2024.04.02"]
[Round "7"]
[White "Maxfan2008"]
[Black "VanRommel28"]
[Result "0-1"]
[WhiteElo "2576"]
[BlackElo "2507"]
[TimeControl "180+1"]
[EndTime "9:17:11 PDT"]
[Termination "VanRommel28 won by checkmate"]

1. d4 g6 2. c4 Bg7 3. Nf3 d6 4.
g3 c6 5. Bg2 Nf6 6. O-O O-O 7.
Nc3 Bf5 8. d5 Ne4 9. Nd4 Nxc3 10.
bxc3 Bd7 11. Rb1 c5 12. Nc2 Qc7 13. Qd3 a6 14. e4 b5 15. Ne3 e5 16. f4 f6 17. Bd2 Ra7 18. Rb2 Rb7 19. Rfb1 Be8 20.
cxb5 axb5 21. a4 c4 22. Qe2 Bh6 23. fxe5 fxe5 24. axb5 Nd7 25. Rb4 Nc5 26. Nxc4 Bxd2 27. Nxd2 Bd7 28. Nb3 Nxb3 29. R4xb3 Qc5+ 30. Kh1 Rf2 31. Qd3 Bc8 32. b6 Ra2 33. Qb5 Qf2 34. Qe8+ Kg7 35. R3b2 Rxb2 36. Rxb2 Qe1+ 37. Bf1 Qxf1# 0-1

[Event "Early-Titled-Tuesday-Blitz-April-02-2024"]
[Site "Chess.com"]
[Date "2024.04.02"]
[Round "7"]
[White "SteinerPro12"]
[Black "Aleksandar-Topalov"]
[Result "0-1"]
[WhiteElo "2134"]
[BlackElo "2332"]
[TimeControl "180+1"]
[EndTime "9:17:11 PDT"]
[Termination "Aleksandar-Topalov won on time"]

1. e4 e6 2. Nf3 d5 3. e5 Ne7 4.
d4 Qd7 5. Bd3 b6 6. O-O Ba6 7.
Bxa6 Nxa6 8. c3 c5 9. Nbd2 Nb8 10.
Re1 Nbc6 11. Nf1 Nf5 12. g4 Nfe7 13. Ng3 h6 14. Be3 c4 15. b3 Na5 16. Nd2 Rc8 17.
b4 Nb7 18. a4 a6 19. f4 g6 20.
Qf3 Bg7 21. Rf1 Nd8 22. f5 exf5 23. gxf5 Nxf5 24. Nxf5 Qxf5 25. Qxf5 gxf5 26. Rxf5 Ne6 27. Raf1 Rc7 28. R1f2 Bf8 29. Rg2 h5 30. Nf1 Bh6 31. Bxh6 Rxh6 32. Ng3 h4 33. Ne2 Kf8 34. Nf4 Nxf4 35.
Rxf4 Re7 36. Rgg4 h3 37. Rh4 Ree6 38. Kf2 Reg6 39. Rhg4 Rxg4 40. Rxg4 f6 41. exf6 Rxf6+ 42. Kg3 Rf1 43. Rg5 Rc1 44. Rxd5 Rxc3+ 45. Kg4 Rb3 46. b5 axb5 47. axb5 c3 48. Rd8+ Ke7 49. Rc8 Kd6 50. Rc6+ Kd5 51. Rxb6 Kxd4 52. Rc6 Rxb5 53. Kxh3 Rc5 54.
Rd6+ Ke3 0-1

[Event "Early-Titled-Tuesday-Blitz-April-02-2024"]
[Site "Chess.com"]
[Date "2024.04.02"]
[Round "7"]
[White "artin10862"]
[Black "Witik"]
[Result "0-1"]
[WhiteElo "2908"]
[BlackElo "2792"]
[TimeControl "180+1"]
[EndTime "9:17:12 PDT"]
[Termination "Witik won on time"]

1. c4 e5 2. Nc3 Nf6 3. Nf3 Nc6 4. e3 Bb4 5. Qc2 Bxc3 6. Qxc3 Qe7 7. a3 d5 8. cxd5 Nxd5 9. Qb3 Nb6 10. d3 a5 11. Qc2 a4 12. b4 axb3 13. Qxb3 Be6 14. Qb1 O-O 15. Be2 Na4 16. Bd2 Nc5 17. Bd1 Rfd8 18.
Bc2 Bf5 19. O-O Bxd3 20. Bxd3 Nxd3 21. Qxb7 Qd6 22. Qb3 e4 23. Ng5 Qg6 24. Nh3 Nce5 25. Kh1 Qf5 26. Bc3 Nf3 27. a4 Ra6 28. Qc4 Rg6 29.
Qxc7 Rc8 30. Qa5 Rxg2 31. Kxg2 Qg4+ 32. Kh1 Qxh3 0-1

[Event "Early-Titled-Tuesday-Blitz-April-02-2024"]
[Site "Chess.com"]
[Date "2024.04.02"]
[Round "7"]
[White "yaguigor"]
[Black "Zhigalko_Sergei"]
[Result "0-1"]
[WhiteElo "2644"]
[BlackElo "2879"]
[TimeControl "180+1"]
[EndTime "9:17:14 PDT"]
[Termination "Zhigalko_Sergei won by resignation"]

1. e4 c5 2. Nf3 Nc6 3. d4 cxd4 4. Nxd4 Nf6 5. Nc3 e5 6. Ndb5 d6 7. Bg5 a6 8. Na3 b5 9. Nd5 Be7 10. Bxf6 Bxf6 11. c4 b4 12. Nc2 O-O 13. g3 a5 14.
Bg2 Bg5 15. O-O Be6 16. Qd3 Bxd5 17. cxd5 Nb8 18. a3 Na6 19. axb4 Nxb4 20. Nxb4 axb4 21. h4 Bh6 22. Bh3 g6 23. Kg2 Qb6 24. h5 b3 25. Bd7 Ra2 26. Rab1 Kg7 27. Qb5 Qxb5 28. Bxb5 Rb8 29. Bc4 Rb4 30. Bd3 Rd4 31. Rfd1 gxh5 32. Kf3 Bg5 33. Be2 Rb4 34. Rd3 Raa4 35. Bd1 Rxe4 36. Bxb3 Rab4 37. Ra1 h4 38. Ra7 hxg3 39. fxg3 Red4 40. Bc2 e4+ 0-1

[Event "Early-Titled-Tuesday-Blitz-April-02-2024"]
[Site "Chess.com"]
[Date "2024.04.02"]
[Round "7"]
[White "SaqoChess_Twitch"]
[Black "A-Fier"]
[Result "1-0"]
[WhiteElo "2697"]
[BlackElo "2880"]
[TimeControl "180+1"]
[EndTime "9:17:14 PDT"]
[Termination "SaqoChess_Twitch won by resignation"]

1. d4 Nf6 2. c4 c5 3. d5 e6 4.
Nc3 exd5 5. cxd5 d6 6. Nf3 g6 7. Bf4 Bg7 8. h3 O-O 9. e3 Re8 10. Be2 Na6 11. O-O Nc7 12. a4 Ne4 13. Rc1 Nxc3 14.
bxc3 Bf5 15. c4 Na6 16. Ne1 Nb4 17. Nd3 Bxd3 18. Bxd3 b6 19. Bb1 a6 20. e4 Qd7 21.
Re1 Rab8 22. Qb3 b5 23. axb5 axb5 24. Bg3 Bd4 25. Kh2 bxc4 26. Qxc4 Bb2 27. Rcd1 Be5 28. f4 Bg7 29. e5 Rbd8 30. e6 fxe6 31. dxe6 Qe7 32. f5 d5 33. Qg4 gxf5 34. Qxf5 Bc3 35. Re3 Bd4 36. Rf3 Rf8 37. Qg4+ Bg7 38. Qh5 Rxf3 39.
Bxh7+ Kf8 40. Qxf3+ Qf6 41. Qe2 Ke7 42. Rf1 Qxe6 43.
Bh4+ Kd6 44. Qxe6+ Kxe6 45. Bxd8 c4 46. Bg8+ Kd6 47.
Ba5 Nd3 48. g4 c3 49. h4 c2 50. Bd2 Nc5 51. h5 Ne4 52. Bc1 d4 53. Bh7 Kd5 54. Rf3 Bf6 55. Bxe4+ Ke5 56. Bxc2 Bh4 57. Rf5+ Ke6 58.
Bd3 Kd6 59. Kg2 1-0

[Event "Early-Titled-Tuesday-Blitz-April-02-2024"]
[Site "Chess.com"]
[Date "2024.04.02"]
[Round "7"]
[White "chess123456s"]
[Black "ragnaroek66"]
[Result "0-1"]
[WhiteElo "2585"]
[BlackElo "2511"]
[TimeControl "180+1"]
[EndTime "9:17:18 PDT"]
[Termination "ragnaroek66 won on time"]

1. d4 Nf6 2. Nc3 d5 3. Bf4 a6 4. e3 b5 5. a3 Bb7 6. b4 e6 7.
Nf3 Nbd7 8. Bd3 Nb6 9. O-O Nc4 10. Qe2 Bd6 11. Bg3 Ne4 12. Bxe4 dxe4 13. Nd2 Nxd2 14. Qxd2 O-O 15. Rfb1 Qe7 16. Bxd6 cxd6 17. a4 bxa4 18. Nxa4 Rac8 19. c3 Qg5 20. h3 f5 21. Nb2 f4 22. exf4 Rxf4 23. Nd1 Rcf8 24. g3 Qg6 25. Kh2 Rf3 26. Rb2 h5 27. h4 e3 28. Nxe3 Qe4 29. Re1 Kh8 30. d5 exd5 0-1

[Event "Early-Titled-Tuesday-Blitz-April-02-2024"]
[Site "Chess.com"]
[Date "2024.04.02"]
[Round "7"]
[White "shimastream"]
[Black "temus_galaktionov"]
[Result "1-0"]
[WhiteElo "3006"]
[BlackElo "2847"]
[TimeControl "180+1"]
[EndTime "9:17:19 PDT"]
[Termination "shimastream won by resignation"]

1. b3 c6 2. Bb2 Nf6 3. Nf3 d6 4. d4 g6 5. g3 Bg7 6. Bg2 O-O 7. O-O Nbd7 8. Nbd2 a5 9. a4 Qc7 10. e4 Rd8 11.
Qe2 b6 12. e5 dxe5 13. dxe5 Ng4 14. Nc4 Nc5 15. h3 Nh6 16. Nd4 Bb7 17. g4 Rac8 18.
Rad1 Re8 19. f4 f6 20. e6 Kh8 21. f5 gxf5 22. gxf5 Rg8 23. Bc1 Qg3 24. Rf3 Qh4 25. Rf4 Qg3 26. Qf2 Qxf2+ 27. Kxf2 b5 28. Nxa5 bxa4 29.
b4 Ra8 30. Nxb7 Nxb7 31. Bxc6 Rab8 32. c4 Nd6 33. c5 Ndxf5 34. Nxf5 Nxf5 35. Rxf5 Rxb4 36.
Rf4 Rb3 37. Rf3 Rb4 38. Bd7 f5 39. c6 Bd4+ 40. Rxd4 Rxd4 41. Bb2 1-0

[Event "Early-Titled-Tuesday-Blitz-April-02-2024"]
[Site "Chess.com"]
[Date "2024.04.02"]
[Round "7"]
[White "Alexchess1984"]
[Black "TrompeterImEther"]
[Result "0-1"]
[WhiteElo "2733"]
[BlackElo "2560"]
[TimeControl "180+1"]
[EndTime "9:17:19 PDT"]
[Termination "TrompeterImEther won on time"]

1. e4 e5 2. Nf3 Nc6 3. Bc4 Bc5 4. b4 Bxb4 5. c3 Ba5 6. d4 Nge7 7.
Ng5 d5 8. exd5 b5 9. Bb3 Nxd4 10. d6 Qxd6 11. Ba3 b4 12. Bxf7+ Kf8 13. O-O bxa3 14. cxd4 h6 15. Qf3 hxg5 16. Bd5+ Bf5 17. Bxa8 e4 18. Qg3 Qxd4 19. Nxa3 Kf7 20. Nc2 Qf6 21. Bb7 Bc3 22. Rad1 Be5 23. f4 exf3 24. Qxf3 Qb6+ 25. Qf2 Bxh2+ 26. Kh1 Bg3+ 27. Kg1 Rh1+ 28. Kxh1 Qh6+ 0-1

[Event "Early-Titled-Tuesday-Blitz-April-02-2024"]
[Site "Chess.com"]
[Date "2024.04.02"]
[Round "7"]
[White "chess_sharparchitect"]
[Black "LLariMarc"]
[Result "0-1"]
[WhiteElo "2277"]
[BlackElo "2419"]
[TimeControl "180+1"]
[EndTime "9:17:19 PDT"]
[Termination "LLariMarc won by resignation"]

1. c4 f5 2. Nf3 Nf6 3. d4 e6 4. Nc3 d5 5. Bg5 c6 6. e3 Be7 7.
Ne5 Nbd7 8. cxd5 exd5 9. Bd3 O-O 10. Bxf5 Nxe5 11. Bxc8 Rxc8 12. dxe5 Nd7 13. Bxe7 Qxe7 14. f4 g5 15. Qg4 Kh8 16. e6 Nc5 17. f5 Nd3+ 18.
Ke2 Nxb2 19. Rab1 Nc4 20. Rhf1 b5 21. Qd4+ Qf6 22. g4 Qxd4 23. exd4 Rf6 24. Kd3 a5 25. Rh1 Kg7 26. h4 gxh4 27. Rxh4 h6 28. Rf1 Nd6 29.
Rf4 Rcf8 30. Ne2 Ne4 31. Rf1 Rxe6 32. Nf4 Ref6 33. Nh5+ Kh7 34. Nxf6+ Rxf6 35. Rf4 Kg7 36. Rh1 Kf7 37. Rc1 Ke7 38. Rf3 Kd6 39. Rh3 Nf2+ 40.
Ke3 Nxh3 41. Rh1 Ng5 42. Kf4 c5 43. dxc5+ Kxc5 44. Rc1+ Kd6 45. Rc8 a4 46. Rb8 Kc5 47.
Rc8+ Rc6 48. Rg8 d4 49. Rg6 Rxg6 50. fxg6 Ne6+ 51. Ke5 d3 52. Kxe6 d2 53. g7 d1=Q 54. Kf6 Qd5 55. Kg6 Qxa2 56. Kh7 b4 0-1

[Event "Early-Titled-Tuesday-Blitz-April-02-2024"]
[Site "Chess.com"]
[Date "2024.04.02"]
[Round "7"]
[White "Ginger_GM"]
[Black "bascheyaro"]
[Result "0-1"]
[WhiteElo "2628"]
[BlackElo "2808"]
[TimeControl "180+1"]
[EndTime "9:17:20 PDT"]
[Termination "bascheyaro won on time"]

1. e4 e6 2. Nf3 d5 3. e5 c5 4. b4 d4 5. b5 b6 6. Na3 Ne7 7. Nc4 Nd5 8. a4 a6 9. Rb1 axb5 10. axb5 Bb7 11. g3 Nd7 12. Bg2 Ra4 13. Qe2 Qa8 14. O-O Be7 15. Bb2 O-O 16. h4 Nc7 17.
Ne1 Bxg2 18. Nxg2 Qd5 19. d3 Nxb5 20. Nf4 Qc6 21. Qg4 Rfa8 22. h5 Nc7 23. Rfe1 h6 24. Nd2 Ra2 25. Nf3 Nd5 26. Bc1 Kh7 27. Ng6 Rxc2 28. Re4 Raa2 29. Nxe7 Nxe7 30. Rf4 Nf5 31. Rxf5 exf5 32. Qxf5+ Kg8 33. g4 Rxf2 0-1

[Event "Early-Titled-Tuesday-Blitz-April-02-2024"]
[Site "Chess.com"]
[Date "2024.04.02"]
[Round "7"]
[White "joselito22"]
[Black "Mazarini41"]
[Result "1-0"]
[WhiteElo "2248"]
[BlackElo "2438"]
[TimeControl "180+1"]
[EndTime "9:17:21 PDT"]
[Termination "joselito22 won by checkmate"]

1. d4 Nf6 2. Nf3 c5 3. e3 Nc6 4.
c3 cxd4 5. exd4 g6 6. Bd3 Bg7 7. Bg5 O-O 8. Qd2 d5 9. O-O Bg4 10. Ne5 Nxe5 11. dxe5 Nd7 12. f4 h6 13. Bh4 Qb6+ 14.
Kh1 e6 15. h3 Bf5 16. Bxf5 gxf5 17. g4 fxg4 18. hxg4 Nc5 19. Qh2 Qc6 20. Nd2 d4+ 21. Nf3 dxc3 22. bxc3 Nd3 23. Bf6 Qe4 24. Rad1 Rac8 25.
f5 exf5 26. gxf5 Rxc3 27. Rg1 Qxf3+ 28. Rg2 Rc2 29. Rxd3 Rc1+ 30. Qg1 Rxg1+ 31. Kxg1 Qxd3 32. Rxg7+ Kh8 33. Rg3+ Kh7 34. Rxd3 Rc8 35. Rd7 Kg8 36. Rxb7 Rc2 37. Rb8+ Kh7 38. Rh8# 1-0

[Event "Early-Titled-Tuesday-Blitz-April-02-2024"]
[Site "Chess.com"]
[Date "2024.04.02"]
[Round "7"]
[White "LeoWin2012"]
[Black "Refrigerator1955"]
[Result "0-1"]
[WhiteElo "2316"]
[BlackElo "2001"]
[TimeControl "180+1"]
[EndTime "9:17:22 PDT"]
[Termination "Refrigerator1955 won by checkmate"]

1. e4 c6 2. d4 d5 3. e5 c5 4.
c3 Nc6 5. Nf3 Bg4 6. Be2 e6 7. h3 Bxf3 8. Bxf3 Rc8 9. Be3 Qb6 10.
Qd2 cxd4 11. cxd4 Bb4 12. Nc3 Na5 13. Be2 Nc4 14. Bxc4 Rxc4 15. O-O Ne7 16. a3 Bxc3 17. bxc3 O-O 18. Rfb1 Qc7 19. Rb3 Nc6 20. a4 Rc8 21.
Rc1 Rxa4 22. h4 Na5 23. Rb5 Nc4 24. Qe2 a6 25. Rc5 Qd7 26. Rxc8+ Qxc8 27. h5 h6 28. Re1 Nxe3 29. Qxe3 Rc4 30. Rc1 b5 31. Ra1 Rxc3 32.
Qd2 Rc4 33. Ra5 Qb7 34. Qa2 Rc6 35. Ra3 b4 36. Rg3 Rc3 37. Rg4 Qb6 38. Qd2 Kh7 39. Qf4 Rc7 40. Qg3 f5 41. exf6 gxf6 42. Rg8 Rc1+ 43.
Kh2 Qc7 44. f4 Qf7 45. Rg6 a5 46. f5 exf5 47. Qf4 Qc7 48. Rxh6+ Kg7 49. Rg6+ Kf7 50. Qxc7+ Rxc7 51. Rg3 Rb7 52. h6 Ke6 53. Rg7 Rxg7 54. hxg7 Kf7 55. Kg3 b3 56. Kf4 b2 57. g8=Q+ Kxg8 58. Kxf5 Kf7 59. g4 b1=Q+ 60. Kf4 Qd3 61. g5 Qxd4+ 62.
Kg3 fxg5 63. Kf3 Qf4+ 64. Kg2 g4 65. Kg1 Qf3 66. Kh2 g3+ 67. Kg1 Qf2+ 68. Kh1 Qh2# 0-1

[Event "Early-Titled-Tuesday-Blitz-April-02-2024"]
[Site "Chess.com"]
[Date "2024.04.02"]
[Round "7"]
[White "guillembaches"]
[Black "Hamisandwich"]
[Result "1-0"]
[WhiteElo "2569"]
[BlackElo "2701"]
[TimeControl "180+1"]
[EndTime "9:17:23 PDT"]
[Termination "guillembaches won on time"]

1. d4 e6 2. e4 d5 3. exd5 exd5 4. Nf3 Nc6 5. Bb5 Bd6 6. c4 Nf6 7. Nc3 O-O 8. O-O a6 9. Bxc6 bxc6 10. c5 Be7 11. Qd3 a5 12. Re1 Ba6 13. Qf5 Bc8 14. Qd3 Re8 15. Ne5 Bb7 16. Bg5 h6 17. Bh4 Nd7 18.
Bxe7 Qxe7 19. Re3 Nxe5 20. Rxe5 Qf6 21. Rae1 Rxe5 22. Rxe5 Ba6 23. Qe3 Kf8 24. g3 Rb8 25. b3 Qg6 26. Qd2 Bc8 27. Kg2 Qg4 28. h4 Bf5 29.
Qe3 g6 30. Qxh6+ Kg8 31. Qe3 Rb4 32. Re8+ Kh7 33. Qe5 Be4+ 34. Kh2 1-0

[Event "Early-Titled-Tuesday-Blitz-April-02-2024"]
[Site "Chess.com"]
[Date "2024.04.02"]
[Round "7"]
[White "enriquebutti"]
[Black "Heliosis11"]
[Result "0-1"]
[WhiteElo "2202"]
[BlackElo "2379"]
[TimeControl "180+1"]
[EndTime "9:17:23 PDT"]
[Termination "Heliosis11 won by resignation"]

1. d4 Nf6 2. c4 e6 3. Nf3 b6 4. e3 Bb7 5. Bd3 d5 6. O-O Bd6 7. b3 O-O 8. Bb2 Nbd7 9. Nc3 c6 10. e4 dxe4 11. Nxe4 Nxe4 12. Bxe4 Nf6 13. Bc2 Qc7 14. Qd3 Rfe8 15. Rfe1 Rad8 16. Qe2 Nd7 17. Rad1 Nf8 18. Qe3 Ng6 19. c5 Bf4 20. Qc3 Bh6 21. g3 Ne7 22. Ne5 Nd5 23. Qd3 g6 24. Qf3 Bg7 25. h4 bxc5 26.
dxc5 Rf8 27. a3 Qe7 28. b4 a5 29. Bc3 axb4 30. axb4 f6 31. Nc4 e5 32. Bb3 Kh8 33.
Nd6 Ba8 34. b5 Nxc3 35. Qxc3 cxb5 36. Nxb5 Qb7 0-1

[Event "Early-Titled-Tuesday-Blitz-April-02-2024"]
[Site "Chess.com"]
[Date "2024.04.02"]
[Round "7"]
[White "Kunalm64"]
[Black "RealPerangel"]
[Result "0-1"]
[WhiteElo "2619"]
[BlackElo "2537"]
[TimeControl "180+1"]
[EndTime "9:17:24 PDT"]
[Termination "RealPerangel won on time"]

1. e4 d5 2. Nc3 dxe4 3. Nxe4 Qd5 4. Nc3 Qa5 5. Nf3 Nf6 6. Bc4 Bg4 7. h3 Bh5 8. g4 Bg6 9. d3 Nc6 10. Bd2 O-O-O 11.
Qe2 e5 12. O-O-O Bb4 13. Ne4 Bxd2+ 14. Rxd2 Nd5 15. a3 Nf4 16. Qd1 f6 17. Nc3 Qc5 18. Kb1 Rd6 19. Bb3 Rhd8 20. Nh4 Qb6 21. Nxg6 hxg6 22. Ne4 R6d7 23. Ba2 Nd4 24. Nc3 Qc6 25.
h4 b5 26. h5 gxh5 27. gxh5 a5 28. Rg1 Nf3 29. Ne4 Nxd2+ 30. Nxd2 a4 31. Qe1 Nxh5 32. Ne4 Nf4 33. Nc3 Qb7 34. Qe3 Kb8 35. Ne4 Qb6 36. Nc5 Re7 37. Re1 g5 38. Rg1 Ka7 39. c3 Nd5 0-1

[Event "Early-Titled-Tuesday-Blitz-April-02-2024"]
[Site "Chess.com"]
[Date "2024.04.02"]
[Round "7"]
[White "Orphanator2009"]
[Black "atalz0"]
[Result "0-1"]
[WhiteElo "2521"]
[BlackElo "2392"]
[TimeControl "180+1"]
[EndTime "9:17:24 PDT"]
[Termination "atalz0 won by resignation"]

1. e4 d5 2. exd5 Nf6 3. Bb5+ Bd7 4. Be2 Nxd5 5. d4 Bf5 6. Nf3 e6 7. O-O Be7 8. c4 Nb4 9. Na3 O-O 10. Bd2 N8c6 11. Bc3 a6 12. Ne5 Nxe5 13. dxe5 Qxd1 14. Rfxd1 Rfd8 15. Bf3 c6 16. Kf1 h6 17. Ke2 Rxd1 18.
Rxd1 Nxa2 19. Ba5 b6 20. Be1 Rc8 21. Rd7 Kf8 22. Rb7 b5 23. Kd1 b4 24. Nc2 Rd8+ 25.
Bd2 Nc3+ 26. bxc3 bxc3 27. Ne3 Rxd2+ 28. Ke1 Rb2 29. Bxc6 c2 30. Kd2 Bb4+ 31. Rxb4 Rxb4 32. Nxf5 exf5 33. Bd5 Rb2 34. Kc1 Ra2 35. c5 Ra5 36. e6 Rxc5 0-1

[Event "Early-Titled-Tuesday-Blitz-April-02-2024"]
[Site "Chess.com"]
[Date "2024.04.02"]
[Round "7"]
[White "Kratos031"]
[Black "MikeSailer"]
[Result "0-1"]
[WhiteElo "2474"]
[BlackElo "2177"]
[TimeControl "180+1"]
[EndTime "9:17:24 PDT"]
[Termination "MikeSailer won by checkmate"]

1. d4 d5 2. c4 Bf5 3. Nc3 e6 4. cxd5 exd5 5. Qb3 Nc6 6. Nf3 Bb4 7. e3 Nf6 8. Bb5 O-O 9. O-O Bxc3 10. Qxc3 Ne7 11. Re1 c6 12. Bf1 Nc8 13. b4 Nd6 14. Ne5 Nfe4 15.
Qb2 a6 16. a4 Re8 17. Bd2 Re6 18. b5 Rh6 19. g3 f6 20. Nf3 Qe8 21. bxc6 bxc6 22.
Qc1 g5 23. Qxc6 Qxc6 24. Bb4 Nc4 25. Rac1 Rb8 26. Bc5 Rb2 27. Bd3 Bg4 28. Re2 Bxf3 29. Bxc4 Bxe2 30. Bxe2 Rxe2 31. Rb1 Rxf2 32. Rb8+ Kf7 33.
Rf8+ Kg6 34. Rg8+ Kf5 35. h3 Rxh3 36. g4+ Kxg4 37. Rf8 Rg3+ 38. Kh1 Kh3 39. Rf7 Rh2# 0-1

[Event "Early-Titled-Tuesday-Blitz-April-02-2024"]
[Site "Chess.com"]
[Date "2024.04.02"]
[Round "7"]
[White "Shahdad2007"]
[Black "Fengwi"]
[Result "0-1"]
[WhiteElo "2565"]
[BlackElo "2388"]
[TimeControl "180+1"]
[EndTime "9:17:24 PDT"]
[Termination "Fengwi won by checkmate"]

1. Nf3 d5 2. c4 e6 3. g3 Nf6 4. Bg2 d4 5. O-O Be7 6. b4 a5 7. b5 O-O 8. Bb2 Bc5 9. a4 Re8 10. Ne5 Nbd7 11. Nxd7 Qxd7 12. d3 e5 13. Nd2 Qf5 14.
Ne4 Nxe4 15. Bxe4 Qh5 16. Bc1 Rb8 17. f4 Bg4 18. Rf2 exf4 19. Bxf4 Rxe4 20. dxe4 d3 21. Qxd3 Bxf2+ 22. Kxf2 Qxh2+ 23. Ke3 Re8 24. Qd5 Qxe2+ 25. Kd4 Qb2+ 26. Kc5 Qxa1 27. Bxc7 Qg1+ 28. Qd4 Qxd4+ 29. Kxd4 Bf3 30. e5 h5 31. Bxa5 Ra8 32. Bc3 Rxa4 33. Ke3 Rxc4 34. Bd2 Bg4 35. b6 Rc6 36. Ba5 Rc5 37.
Bb4 Rxe5+ 38. Kd4 Rb5 39. Bc5 Rxc5 40. Kxc5 Bf3 41. Kd4 Bc6 42. Ke3 Kh7 43. Kf4 Kg6 44.
Ke5 Kg5 45. g4 Kxg4 46. Kd6 h4 47. Ke7 h3 48. Kxf7 h2 49. Ke7 h1=Q 50. Kd8 Qd5+ 51. Ke7 Qd7+ 52. Kf8 g5 53. Kg8 Qe7 54. Kh8 Kf5 55.
Kg8 Kg6 56. Kh8 Qg7# 0-1

[Event "Early-Titled-Tuesday-Blitz-April-02-2024"]
[Site "Chess.com"]
[Date "2024.04.02"]
[Round "7"]
[White "PonyQueen07"]
[Black "GrotBchess"]
[Result "0-1"]
[WhiteElo "2232"]
[BlackElo "2441"]
[TimeControl "180+1"]
[EndTime "9:17:24 PDT"]
[Termination "GrotBchess won by checkmate"]

1. c4 e6 2. e4 c5 3. Nc3 Nc6 4. g3 g6 5. Bg2 Bg7 6. Nge2 Nge7 7.
O-O d6 8. d3 a6 9. Be3 Nd4 10. Qd2 h5 11. h4 Nec6 12. Rad1 Rb8 13. a4 Qa5 14. f4 Bd7 15. Qe1 O-O 16. Kh2 b5 17. axb5 axb5 18. cxb5 Nxb5 19. f5 exf5 20.
exf5 Ne5 21. f6 Ng4+ 22. Kh1 Nxf6 23. Rxf6 Bxf6 24. Nd5 Qxe1+ 25. Rxe1 Bxb2 26. Bh6 Bg7 27. Bxg7 Kxg7 28. Nef4 Rfe8 29. Rf1 Nd4 30. Nc7 Re3 31. Bd5 Rf8 32. Kh2 Ne6 33. Bxe6 fxe6 34. Ng2 Rxf1 35.
Nxe3 Rf2+ 36. Kg1 Rd2 37. Ng2 Rxd3 38. Nf4 Rxg3+ 39. Kf2 Rg4 40. Nfxe6+ Bxe6 41. Nxe6+ Kf6 42. Ng5 Rxh4 43. Nf3 Rf4 44. Kg3 Rxf3+ 45. Kxf3 c4 46. Ke4 d5+ 47. Kxd5 c3 48. Kc4 c2 49. Kb3 c1=Q 50.
Ka2 h4 51. Kb3 h3 52. Ka4 h2 53. Kb3 h1=Q 54. Ka2 Qa8+ 55. Kb3 Qb7+ 56. Ka4 Qa1# 0-1

[Event "Early-Titled-Tuesday-Blitz-April-02-2024"]
[Site "Chess.com"]
[Date "2024.04.02"]
[Round "7"]
[White "ChristianArca"]
[Black "ural58"]
[Result "1-0"]
[WhiteElo "2658"]
[BlackElo "2466"]
[TimeControl "180+1"]
[EndTime "9:17:25 PDT"]
[Termination "ChristianArca won by resignation"]

1. d4 e6 2. e4 d5 3. Nd2 dxe4 4.
Nxe4 Bd7 5. Nf3 Bc6 6. Bd3 Nd7 7.
c3 Ngf6 8. Ng3 Bd6 9. Qe2 Qe7 10. O-O h6 11. Re1 O-O-O 12. Nf5 exf5 13. Qxe7 Bxe7 14. Rxe7 Bxf3 15. gxf3 Rde8 16. Rxf7 Re1+ 17. Kg2 g6 18. Rb1 Nd5 19. Bd2 Rxb1 20. Bxb1 c6 21. Rg7 Kc7 22. c4 Nf6 23. Bf4+ Kb6 24. Rxg6 Nh5 25. Bd6 Nf8 26. Bc5+ Ka6 27. Bxf8 Nf4+ 28. Kf1 Nxg6 29. Bb4 Nh4 30. d5 cxd5 31. cxd5 Nxf3 32. Bxf5 Rd8 33. Be4 Nxh2+ 34. Kg2 Ng4 35. Be7 Rg8 36.
Kf1 Ne5 37. d6 Kb6 38. f4 Nd7 39. Bf5 Kc6 40. Be4+ Kb6 41. f5 Rg4 42. Bd3 Kc6 43. Kf2 Rd4 44. Ke3 Rxd6 45. Be4+ Rd5 46. f6 Ne5 47. Kf4 Nf7 48. a4 a5 49. b3 h5 50.
Bg2 h4 51. Kg4 Ng5 52. Kxh4 Ne6 53. f7 1-0

[Event "Early-Titled-Tuesday-Blitz-April-02-2024"]
[Site "Chess.com"]
[Date "2024.04.02"]
[Round "7"]
[White "David_George21"]
[Black "Payyappat"]
[Result "0-1"]
[WhiteElo "2349"]
[BlackElo "2526"]
[TimeControl "180+1"]
[EndTime "9:17:27 PDT"]
[Termination "Payyappat won by resignation"]

1. e4 c6 2. d4 d5 3. Nc3 dxe4 4. Nxe4 Nf6 5. Nxf6+ exf6 6. c3 Bd6 7. Bd3 O-O 8. Qc2 Re8+ 9. Ne2 h5 10. Be3 Be6 11.
c4 Nd7 12. O-O-O b5 13. c5 Bf8 14. Nf4 Bxa2 15. b3 Qa5 16. Kb2 b4 17. Qc4 Qa3+ 18. Kc2 Rxe3 19. fxe3 a5 20. Bg6 a4 21. Bxf7+ Kh8 22.
Ng6+ Kh7 23. Nxf8+ Nxf8 24. Qd3+ Kh8 25. Ra1 Ng6 26.
bxa4 Qxd3+ 27. Kxd3 Bxf7 28. Rhb1 b3 29. Ra3 Nh4 30.
g3 Nf5 31. e4 Nh6 32. a5 Ng4 33. h3 Nf2+ 34. Ke3 Nxe4 35. a6 Nc3 36. a7 Nxb1 37. Ra6 b2 38. Rb6 0-1

[Event "Early-Titled-Tuesday-Blitz-April-02-2024"]
[Site "Chess.com"]
[Date "2024.04.02"]
[Round "7"]
[White "Rosh1610"]
[Black "Mariia89"]
[Result "1/2-1/2"]
[WhiteElo "2442"]
[BlackElo "2277"]
[TimeControl "180+1"]
[EndTime "9:17:27 PDT"]
[Termination "Game drawn by repetition"]

1. Nf3 c5 2. b3 Nc6 3. Bb2 d5 4. e3 Nf6 5. Be2 e6 6. d4 Bd6 7. Nbd2 O-O 8. O-O Re8 9. Ne5 Nd7 10.
f4 f6 11. Nxc6 bxc6 12. c4 cxd4 13. exd4 Qc7 14. g3 c5 15. cxd5 exd5 16. Bf3 Bb7 17. Rc1 Qb6 18. Nb1 c4 19. Nc3 cxb3 20. Nxd5 Qb5 21. Nc3 Bxf3 22. Nxb5 Bxd1 23. Rfxd1 Bb4 24. axb3 Re2 25. Bc3 a5 26. Ra1 Rc8 27. Bxb4 axb4 28. Rac1 Ra8 29. Rc7 Raa2 30. Rxd7 Rg2+ 31. Kf1 Rgf2+ 32. Ke1 Rfe2+ 33. Kf1 Rf2+ 34. Kg1 Rg2+ 35. Kf1 Rgf2+ 1/2-1/2

[Event "Early-Titled-Tuesday-Blitz-April-02-2024"]
[Site "Chess.com"]
[Date "2024.04.02"]
[Round "7"]
[White "Zq1"]
[Black "PavelChernomordik"]
[Result "1-0"]
[WhiteElo "2620"]
[BlackElo "2435"]
[TimeControl "180+1"]
[EndTime "9:17:29 PDT"]
[Termination "Zq1 won on time"]

1. d4 g6 2. e4 Bg7 3. c3 d6 4.
Nf3 Nf6 5. Bd3 c5 6. dxc5 dxc5 7. O-O O-O 8. h3 Nc6 9. Qe2 Qc7 10. Nbd2 Nh5 11. Nc4 Be6 12. a4 Nf4 13. Bxf4 Qxf4 14. Qe3 Qxe3 15. Nxe3 Na5 16. Nd5 Bxd5 17. exd5 c4 18.
Bc2 Rfd8 19. Rad1 Rac8 20. Rfe1 Kf8 21. Ng5 h6 22. Ne4 f5 23. Ng3 Rc5 24. d6 Rxd6 25.
Rxd6 exd6 26. Re6 Kf7 27. Rxd6 Rc7 28. h4 Nc6 29. h5 Be5 30. hxg6+ Kf8 31. Re6 Bxg3 32.
fxg3 Ne7 33. Bxf5 Kg7 34. g4 Rd7 35. Re4 Rc7 36. Rd4 Kf6 37. Rd6+ Kg7 38. Kf2 1-0